Map: Frozen Temple

Players

Miszu

  • Race: Terran Terran
  • League: Master

FireflyHugs - Winner!

  • Race: Zerg Zerg
  • League: Master

VOD

Have the link to the VOD?

Description

Time

  • Played on: May 1, 2016, 3:35 p.m.
  • Length: 6:30
Show
View Real Time Build Order
Export as new Build Order

Miszu Terran 

Build Orders: Reaper Expand 

Get SALT Encoding   

  12  0:00  SCV  
  13  0:12  SCV  
  14  0:20  Supply Depot  
  14  0:24  SCV  
  15  0:41  SCV  
  16  0:43  Barracks  
  16  0:45  Refinery  
  16  0:53  SCV  
  17  1:05  SCV  
  18  1:17  SCV  
  19  1:31  Reaper, Orbital Command  
  20  1:40  Command Center  
  20  1:51  Supply Depot  
  20  1:56  SCV  
  21  2:03  Marine  
  22  2:10  SCV  
  22  2:15  Factory  
  23  2:22  SCV  
  24  2:36  SCV  
  25  2:48  SCV  
  25  2:51  Barracks Reactor  
  25  2:54  Orbital Command  
  25  2:57  Command Center  
  25  3:00  SCV  
  26  3:13  SCV  
  27  3:22  SCV  
  27  3:23  Barracks  
  27  3:24  Barracks  
  27  3:25  SCV  
  27  3:26  Refinery  
  29  3:33  Hellion, Barracks Tech Lab  
  33  3:34  Hellion  
  33  3:35  SCV  
  33  3:38  SCV  
  35  3:47  SCV  
  35  3:53  Marine  
  35  3:54  Stimpack  
  35  3:55  Hellion x2  
  40  3:56  SCV  
  40  3:59  SCV  
  40  4:12  SCV x2  
  40  4:15  Barracks Reactor x2  
  40  4:16  Hellion  
  45  4:23  Orbital Command  
  44  4:24  SCV  
  44  4:25  SCV  
  44  4:28  Marine  
  47  4:36  SCV  
  47  4:37  SCV  
  49  4:41  Starport  
  49  4:46  Factory Reactor  
  49  4:49  SCV x3  
  52  4:54  Supply Depot, Marine x5  
  57  5:01  SCV x2  
  57  5:02  Orbital Command  
  57  5:05  Barracks  
  57  5:06  Barracks  
  59  5:12  Marine x2, Refinery  
  59  5:14  Refinery  
  61  5:16  SCV x2  
  61  5:17  Supply Depot, Marine x2  
  65  5:23  Medivac x2  
  69  5:31  Engineering Bay x2  
  69  5:39  SCV x3  
  69  5:42  Supply Depot  
  72  5:45  Armory  
  72  5:47  Marine x2  
  74  5:50  Marine  
  74  5:51  Marine, SCV  
  77  5:57  Supply Depot  
  77  6:03  SCV x3  
  82  6:05  Barracks Reactor, Missile Turret  
  82  6:06  Barracks Reactor  
  82  6:11  Bunker  
  82  6:15  SCV x2  
  85  6:20  Missile Turret  
  85  6:22  Barracks Reactor x2  
Show
View Real Time Build Order
Export as new Build Order

FireflyHugs Zerg - Winner!

Build Orders: Hatch First 

Get SALT Encoding   

  12  0:01  Drone  
  13  0:08  Drone  
  14  0:17  Overlord  
  14  0:23  Extractor, Drone  
  15  0:35  Drone  
  15  0:36  Drone  
  17  0:52  Hatchery  
  17  0:55  Drone  
  17  1:02  Extractor  
  16  1:11  Spawning Pool  
  16  1:14  Drone  
  16  1:18  Drone  
  17  1:22  Drone  
  18  1:27  Drone  
  19  1:37  Overlord  
  19  1:58  Queen  
  19  1:59  Zergling x2  
  19  2:01  Zergling x2  
  23  2:02  Metabolic Boost  
  23  2:06  Queen  
  25  2:10  Zergling x2  
  25  2:13  Drone  
  27  2:15  Drone  
  27  2:21  Drone  
  29  2:25  Drone  
  30  2:32  Drone  
  30  2:36  Queen  
  33  2:40  Overlord  
  33  2:47  Drone x2  
  35  2:52  Lair  
  35  2:54  Drone  
  36  2:59  Drone  
  36  3:03  Drone  
  38  3:07  Drone x3  
  38  3:08  Drone  
  42  3:17  Drone x2  
  42  3:18  Overlord  
  44  3:24  Extractor x3, Drone  
  44  3:26  Drone  
  43  3:28  Drone  
  44  3:35  Overlord  
  44  3:38  Drone  
  45  3:42  Drone  
  45  3:46  Drone x2  
  45  3:47  Drone  
  49  3:50  Drone x2  
  49  3:53  Drone  
  49  3:54  Drone  
  49  3:55  Drone  
  54  4:00  Spire  
  52  4:04  Overlord  
  51  4:11  Zergling x2  
  51  4:16  Zergling x4  
  51  4:17  Zergling x6  
  57  4:24  Drone x2  
  57  4:25  Zergling x2  
  57  4:26  Zergling x2  
  60  4:38  Hatchery  
  59  4:39  Drone  
  59  4:40  Baneling Nest, Zergling x2  
  60  4:46  Zergling x4  
  60  4:51  Overseer  
  62  4:55  Overlord  
  62  4:56  Drone  
  62  4:58  Zergling x6  
  62  4:59  Zergling x2  
  67  5:01  Overlord  
  67  5:03  Overlord  
  67  5:17  Mutalisk x3  
  73  5:23  Mutalisk  
  73  5:26  Mutalisk x3  
  81  5:30  Mutalisk  
  81  5:33  Zergling x4  
  85  5:41  Overlord  
  85  5:43  Baneling x5  
  85  5:46  Zergling x4  
  87  5:50  Queen  
  87  5:52  Zergling x4  
  88  6:04  Zergling x4  
  88  6:05  Zergling x4  
Tags
 
Add a new tag
Caveats
  • Supply blocks, unpowered buildings, or Contaminate may cause inaccurate times.
  • Supply counts are checked every 10 seconds.